Map: Site Delta LE

Players

HeroMarine - Winner!

  • Race: Terran Terran
  • League: Grandmaster
  • Spawn Location: 11:00

PtitDrogo

  • Race: Protoss Protoss
  • Spawn Location: 5:00

Event: HomeStory Cup XXV

VOD

Have the link to the VOD?

Description

Time

  • Played on: June 22, 2024, 12:12 p.m.
  • Length: 7:36

All games in this series

Show
View Real Time Build Order
Export as new Build Order

HeroMarine Terran - Winner!

Build Orders:  

Get SALT Encoding   

  12  0:00  SCV  
  13  0:12  SCV  
  14  0:17  Supply Depot  
  14  0:24  SCV  
  15  0:38  SCV  
  15  0:39  Barracks  
  15  0:42  Refinery  
  16  0:50  SCV  
  17  1:02  SCV  
  18  1:15  SCV  
  19  1:27  Orbital Command  
  20  1:34  Command Center  
  20  1:37  Marine  
  20  1:48  Factory  
  20  1:52  SCV  
  21  2:01  Supply Depot, Barracks Reactor  
  21  2:04  SCV  
  21  2:08  Refinery  
  22  2:16  SCV  
  23  2:28  SCV  
  24  2:34  Hellion  
  24  2:36  Starport  
  26  2:37  Marine x2  
  26  2:41  SCV  
  29  2:53  Orbital Command  
  29  2:55  SCV, Marine  
  29  2:56  Marine  
  31  3:06  Cyclone  
  31  3:07  SCV  
  31  3:12  Medivac  
  36  3:18  SCV  
  36  3:19  SCV  
  38  3:21  Marine x2  
  40  3:27  Supply Depot  
  40  3:30  SCV  
  40  3:31  SCV  
  42  3:39  Factory Tech Lab  
  42  3:42  Marine x2  
  42  3:43  SCV x2  
  42  3:44  Starport Tech Lab  
  46  3:49  Barracks  
  46  3:55  SCV x2  
  47  3:59  Siege Tank  
  47  4:02  Supply Depot  
  51  4:04  Raven  
  53  4:10  Barracks  
  53  4:15  SCV  
  54  4:23  Marine x2  
  54  4:24  SCV  
  57  4:27  SCV  
  58  4:32  Refinery, Engineering Bay  
  58  4:33  Supply Depot  
  58  4:36  SCV  
  59  4:38  Siege Tank  
  59  4:42  SCV  
  62  4:49  Marine x2  
  62  4:53  Supply Depot  
  62  4:55  SCV x2  
  62  4:57  Terran Infantry Weapons Level 1  
  64  5:01  Stimpack  
  64  5:05  Marine  
  64  5:06  Supply Depot, Refinery  
  65  5:07  SCV x2, Marine  
  68  5:16  Combat Shield, Marine x2  
  68  5:19  SCV x2  
  72  5:23  Supply Depot  
  72  5:24  Marine  
  72  5:25  Marine  
  72  5:27  Starport Reactor, Factory Reactor  
  74  5:31  SCV x2  
  76  5:35  Marine  
  76  5:36  Supply Depot  
  76  5:39  Marauder  
  81  5:42  Marauder  
  81  5:46  Supply Depot  
  81  5:51  SCV x2  
  83  5:58  Command Center  
  83  6:00  Marauder  
  83  6:01  Marine x2  
  89  6:04  Marauder  
  89  6:05  Medivac x2  
  89  6:09  Widow Mine  
  89  6:10  Widow Mine  
  93  6:25  Marauder x2  
  96  6:27  Marine x2, Barracks  
  96  6:28  Barracks  
  96  6:30  SCV x2  
  99  6:35  Concussive Shells, Widow Mine x2  
  102  6:42  Medivac x2  
  106  6:47  Supply Depot  
  106  6:52  Marauder  
  106  6:53  Marauder  
  110  7:08  Marine x2  
  110  7:09  Widow Mine x2  
  110  7:14  Marauder x2  
  107  7:23  Barracks Tech Lab  
Show
View Real Time Build Order
Export as new Build Order

PtitDrogo Protoss 

Build Orders: 1 Gate Expand, Blink Stalkers 

Get SALT Encoding   

  12  0:04  Probe  
  13  0:16  Probe  
  13  0:17  Pylon  
  14  0:29  Probe (Chrono Boost)  
  15  0:36  Gateway  
  15  0:41  Assimilator, Probe (Chrono Boost)  
  16  0:46  Probe (Chrono Boost)  
  17  0:55  Probe  
  18  1:07  Probe  
  19  1:19  Probe  
  19  1:23  Cybernetics Core  
  20  1:31  Nexus  
  20  1:38  Pylon  
  20  1:39  Probe  
  21  1:47  Assimilator  
  21  1:52  Probe  
  22  1:57  Adept (Chrono Boost)  
  22  1:59  Warp Gate  
  24  2:04  Probe  
  25  2:16  Probe  
  25  2:17  Stalker (Chrono Boost)  
  28  2:28  Probe  
  29  2:34  Twilight Council  
  29  2:43  Probe (Chrono Boost)  
  30  2:45  Gateway, Probe (Chrono Boost)  
  31  2:55  Probe (Chrono Boost)  
  31  2:56  Probe (Chrono Boost)  
  33  3:00  Probe (Chrono Boost)  
  34  3:06  Probe  
  34  3:12  Probe  
  34  3:15  Robotics Facility  
  34  3:16  Shield Battery  
  34  3:19  Blink  
  35  3:23  Probe (Chrono Boost)  
  35  3:24  Probe (Chrono Boost)  
  36  3:28  Pylon  
  36  3:33  Probe (Chrono Boost), Pylon  
  38  3:35  Probe (Chrono Boost)  
  38  3:38  Probe (Chrono Boost)  
  39  3:44  Probe  
  39  3:47  Stalker x2  
  44  3:50  Probe  
  45  3:56  Probe  
  46  4:02  Nexus  
  46  4:05  Observer (Chrono Boost), Probe  
  48  4:11  Stalker  
  48  4:13  Stalker  
  48  4:16  Pylon  
  52  4:20  Probe  
  52  4:26  Probe  
  51  4:32  Probe  
  51  4:34  Assimilator x2  
  51  4:35  Pylon  
  51  4:36  Stalker  
  51  4:37  Stalker  
  56  4:44  Probe  
  56  4:45  Pylon  
  57  4:46  Pylon  
  57  4:53  Probe  
  57  4:56  Probe  
  58  5:05  Probe (Chrono Boost)  
  59  5:08  Gateway x2  
  59  5:09  Probe (Chrono Boost)  
  59  5:11  Templar Archives  
  59  5:14  Pylon  
  60  5:20  Charge, Probe (Chrono Boost)  
  61  5:24  Probe x2 (Chrono Boost)  
  61  5:28  Probe (Chrono Boost), Psionic Storm  
  64  5:30  Forge  
  64  5:32  Warp Prism  
  64  5:33  Sentry, Probe (Chrono Boost)  
  69  5:36  Shield Battery  
  69  5:38  Probe (Chrono Boost)  
  69  5:39  Probe (Chrono Boost)  
  71  5:45  Probe  
  71  5:47  Zealot, Probe  
  71  5:49  Pylon  
  75  5:56  High Templar  
  77  5:57  Probe x2  
  77  5:59  Probe  
  77  6:02  Gateway  
  80  6:05  Gateway  
  80  6:10  High Templar  
  80  6:11  Zealot x2  
  86  6:16  Gateway  
  86  6:22  Gateway  
  86  6:24  Gateway  
  84  6:36  Zealot  
  84  6:37  Zealot x2  
  90  6:47  Zealot  
  92  6:52  Pylon  
  92  6:54  Pylon  
  92  6:57  Zealot x3, High Templar  
  100  7:06  Zealot  
  99  7:13  Stalker  
  99  7:14  Zealot  
  81  7:20  Zealot x3  
Tags
 
Add a new tag
Caveats
  • Supply blocks, unpowered buildings, or Contaminate may cause inaccurate times.
  • Supply counts are checked every 10 seconds.